 Dungeon Crawl Stone Soup version 0.27.1-4-g1640c2035a (webtiles) character file.

Game seed: 18130110478481037996

5924 pkoi the Martial Artist (level 10, -5/77 HPs)
             Began as a Black Draconian Monk on Nov 14, 2021.
             Was a High Priest of Fedhas.
             Slain by a two-headed ogre (24 damage)
             ... on level 9 of the Dungeon.
             The game lasted 00:13:37 (12444 turns).

pkoi the Martial Artist (Black Draconian Monk)     Turns: 12444, Time: 00:13:38

Health: -5/77      AC: 10    Str: 21    XL:     10   Next: 53%
Magic:  16/16      EV: 13    Int: 12    God:    Fedhas [*****.]
Gold:   484        SH:  0    Dex: 22    Spells: 8/16 levels left

rFire    . . .     SeeInvis .     - Unarmed
rCold    . . .     Faith    .   (no shield)
rNeg     . . .     Spirit   .   (armour unavailable)
rPois    .         Reflect  .   (helmet restricted)
rElec    +         Harm     .   n - +0 cloak
rCorr    +         Rampage  .   s - +0 pair of gloves
Will     .....                  h - +0 pair of boots
Stlth    ++........             f - amulet of the acrobat
HPRegen  0.22/turn              C - ring of Meotuh {*Slow rCorr Str+7 Dex+7}
MPRegen  0.15/turn              g - +4 ring of slaying

@: no status effects
A: breathe lightning, AC +7, unfitting armour, electricity resistance,
cold-blooded
a: Breathe Lightning, Renounce Religion, Wall of Briars, Grow Ballistomycete,
Overgrow, Grow Oklob


You were on level 9 of the Dungeon.
You worshipped Fedhas.
Fedhas was extremely pleased with you.
You visited 2 branches of the dungeon, and saw 10 of its levels.
You also visited: Ossuary.

You collected 484 gold pieces.

Inventory:

Missiles
 c - 22 poisoned darts (quivered)
 H - a throwing net
Armour
 h - a +0 pair of boots (worn)
 n - a +0 cloak (worn)
 s - a +0 pair of gloves (worn)
Jewellery
 a - a ring of wizardry
 f - an amulet of the acrobat (around neck)
 g - a +4 ring of slaying (right hand)
 x - a ring of see invisible
 y - the ring "Raiqeb" {rN+ Will+ Str+2 Int+3 Dex+2}
   (You found it on level 4 of the Dungeon)

   [ring of positive energy]

   Str:       It affects your strength (+2).
   Int:       It affects your intelligence (+3).
   Dex:       It affects your dexterity (+2).
   rN:        It protects you from negative energy.
   Will:      It increases your willpower.
 C - the ring of Meotuh (left hand) {*Slow rCorr Str+7 Dex+7}
   (You acquired it on level 7 of the Dungeon)

   [ring of resist corrosion]

   Str:       It affects your strength (+7).
   Dex:       It affects your dexterity (+7).
   rCorr:     It protects you from acid and corrosion.
   *Slow:     It may slow you when you take damage.
 G - a ring of protection from fire
Wands
 j - a wand of polymorph (6)
 o - a wand of digging (4)
 B - a wand of iceblast (3)
 D - a wand of flame (17)
 F - a wand of paralysis (16)
Scrolls
 e - 3 scrolls of teleportation
 l - 2 scrolls of enchant weapon
 m - 2 scrolls of magic mapping
 t - a scroll of identify
 A - a scroll of fog
 E - a scroll of blinking
Potions
 b - 2 potions of might
 d - 2 potions of resistance
 i - 4 potions of heal wounds
 k - a potion of invisibility
 p - 3 potions of haste
 q - a potion of magic
 r - a potion of curing
 u - 2 potions of ambrosia
 v - a potion of berserk rage
 w - a potion of cancellation {unknown}
 z - a potion of brilliance


   Skills:
 - Level 3.2 Fighting
 - Level 2.6 Dodging
 - Level 1.7 Stealth
 + Level 9.6 Unarmed Combat
 - Level 3.7 Spellcasting
 + Level 8.1 Transmutations
 - Level 3.4 Earth Magic
 + Level 8.9 Invocations


You had 8 spell levels left.
You knew the following spells:

 Your Spells              Type           Power      Damage    Failure   Level
a - Passwall              Tmut/Erth      13%        N/A       3%          2
b - Blade Hands           Tmut           10%        N/A       22%         5
c - Apportation           Tloc           4%         N/A       22%         1

Your spell library contained the following spells:

 Spells                   Type           Power      Damage    Failure   Level
 Sandblast                Erth           20%        2d7       5%          1
 Animate Skeleton         Necr           4%         N/A       22%         1
 Corona                   Hex            2%         N/A       22%         1
 Magic Dart               Conj           8%         1d3       22%         1
 Summon Small Mammal      Summ           8%         N/A       22%         1
 Call Imp                 Summ           2%         N/A       34%         2
 Mephitic Cloud           Conj/Pois/Air  2%         N/A       56%         3
 Lee's Rapid Deconstruct  Erth           5%         3d7*      83%         5
 Iron Shot                Conj/Erth      3%         9d2       100%        6
 Animate Armour           Summ/Erth      Unusable   N/A       N/A         4

Dungeon Overview and Level Annotations

Branches:
Dungeon (9/15)             Temple (1/1) D:7             Orc (0/2) D:9
Ossuary (visited)
   Lair: D:8-11

Altars:
Ashenzari
Cheibriados
Dithmenos
Fedhas
Gozag
Hepliaklqana
Kikubaaqudgha
Makhleb
Nemelex Xobeh
Okawaru
Qazlal
Ru
Sif Muna
Trog
Uskayaw
Vehumet
Wu Jian
Xom
Yredelemnul
Zin
The Shining One
Lugonu

Shops:
D:3 (   D:4 [(

Portals:
Abyss: D:4

Annotations:
D:4 2 runed translucent doors


Innate Abilities, Weirdness & Mutations

You can breathe wild blasts of lightning.
Your glossy black scales are hard. (AC +7)
You cannot fit into any form of body armour.
You are resistant to electric shocks. (rElec)
You are cold-blooded and may be slowed by cold attacks.


Message History

a +0 club; an orc corpse
Things that are here:
a +0 club; an orc corpse
Things that are here:
a +0 club; a +0 leather armour; an orc corpse
Things that are here:
a +0 scimitar; a +0 chain mail
Things that are here:
a +0 hand axe; a +0 leather armour
Things that are here:
a +0 hand axe; a +0 chain mail
Things that are here:
a +0 flail; a +0 ring mail; an orc corpse You open the door.
A two-headed ogre comes into view.
It is wielding a +0 giant club and a +0 giant spiked club.
The two-headed ogre shouts in stereo!
The two-headed ogre moves out of view.
There is an open door here.
A two-headed ogre is nearby!
A two-headed ogre is nearby!
A two-headed ogre is nearby!
The two-headed ogre hits you with a +0 giant club!!
The two-headed ogre misses you.
You hit the two-headed ogre but do no damage.
You tail-slap the two-headed ogre.
The two-headed ogre is lightly wounded.
The two-headed ogre hits you with a +0 giant club!
The two-headed ogre hits you with a +0 giant spiked club!
You hit the two-headed ogre. You tail-slap the two-headed ogre.
The two-headed ogre is lightly wounded.
You punch the two-headed ogre!
The two-headed ogre is moderately wounded.
The two-headed ogre misses you. x2
You hit the two-headed ogre. You tail-slap the two-headed ogre.
The two-headed ogre is moderately wounded.
The two-headed ogre hits you with a +0 giant club!!
* * * LOW HITPOINT WARNING * * *
The two-headed ogre hits you with a +0 giant spiked club!!
You die...
Fedhas appreciates your contribution to the ecosystem.

#..............#
#.##...........#
#.#............##
#.#..#.#.........
#......#.#.##....
#+##.#..............
##..###.##.#.#....###
#....##.# .......##.#
#..O@'..# ###.#.#._.
+#..##..##...#.#.....
####........# ##....
##..###... ##... #..#
# #### #####.... #..
#...#.#### #..
#.#.#.. #### #..
##############.#.###
.... #..


You could see a two-headed ogre.

Vanquished Creatures
  A two-headed ogre (D:8)
  A troll (D:9)
  A hornet (D:8)
  Sigmund (D:5)
  A wyvern (D:8)
  3 yaks (D:8)
  A wraith (D:9)
  A steam dragon (D:6)
  A water moccasin (D:7)
  A hornet zombie (D:5)
  2 ice beasts (D:6)
  3 orc warriors (D:9)
  3 ogres
  2 black bears
  2 sky beasts
  4 centaurs
  A phantom (D:5)
  A kobold brigand (D:9)
  Blork the orc (D:4)
  2 bullfrogs
  3 scorpions
  4 water moccasin zombies (Ossuary)
  2 wyvern skeletons (D:5)
  4 jellies
  3 killer bees
  5 wights (D:7)
  3 howler monkeys (D:7)
  2 bullfrog zombies
  2 centaur zombies (D:9)
  2 orc priests
  4 hounds
  A gnoll shaman (D:7)
  3 iguanas
  Ijyb (D:3)
  Terence (D:3)
  4 orc wizards
  A hound zombie (D:5)
  2 hound skeletons
  A howler monkey zombie (D:9)
  2 mummies (Ossuary)
  Robin (D:2)
  4 gnolls (D:7)
  8 adders
  2 white imps
  2 ufetubi
  5 adder zombies (Ossuary)
  2 worms
  2 dart slugs
  21 orcs
  2 bats (D:2)
  6 endoplasms
  5 giant cockroaches
  6 gnoll zombies (Ossuary)
  13 goblins
  7 hobgoblins
  3 quokkas
  10 ball pythons
  4 frilled lizards
  A goblin zombie (D:4)
  5 hobgoblin zombies (Ossuary)
  9 kobolds
  8 kobold zombies (Ossuary)
  2 orc zombies (Ossuary)
  A quokka zombie (D:4)
  8 rats
220 creatures vanquished.

Vanquished Creatures (collateral kills)
  4 ballistomycete spores (D:5)
4 creatures vanquished.

Grand Total: 224 creatures vanquished

Notes
Turn   | Place    | Note
-------+----------+-------------------------------------------
     0 | D:1      | pkoi the Draconian Monk began the quest for the Orb.
     0 | D:1      | Reached XP level 1. HP: 19/19 MP: 1/1
   604 | D:1      | Reached XP level 2. HP: 24/26 MP: 2/2
   639 | D:1      | Found a faded altar of an unknown god.
  1010 | D:1      | Became a worshipper of Fedhas Madash
  1010 | D:1      | Reached * piety under Fedhas
  1010 | D:1      | Reached ** piety under Fedhas
  1560 | D:2      | Noticed Robin
  1568 | D:2      | Reached *** piety under Fedhas
  1569 | D:2      | Reached skill level 4 in Unarmed Combat
  1578 | D:2      | Killed Robin
  1579 | D:2      | Reached XP level 3. HP: 14/31 MP: 3/3
  2555 | D:3      | Reached XP level 4. HP: 38/38 MP: 4/4
  2569 | D:3      | Noticed Terence
  2578 | D:3      | Killed Terence
  2579 | D:3      | Reached skill level 5 in Unarmed Combat
  2579 | D:3      | Reached skill level 1 in Invocations
  2854 | D:3      | Learned a level 2 spell: Passwall
  3004 | D:3      | Found a stormy altar of Qazlal.
  3170 | D:3      | Reached XP level 5. HP: 43/45 MP: 6/6
  3208 | D:3      | Noticed Ijyb
  3222 | D:3      | Killed Ijyb
  3347 | D:3      | Found Hokheipp's Weapon Boutique.
  3702 | D:3      | Reached skill level 1 in Earth Magic
  3870 | D:4      | Found a sand-covered staircase.
  3877 | Ossuary  | Entered an ossuary
  3885 | Ossuary  | Reached skill level 1 in Transmutations
  3910 | Ossuary  | Reached skill level 1 in Spellcasting
  4041 | Ossuary  | Reached XP level 6. HP: 39/51 MP: 6/8
  4152 | Ossuary  | Reached **** piety under Fedhas
  4563 | D:4      | Found Haod's Weapon Shoppe.
  4594 | D:4      | Found a one-way gate to the infinite horrors of the Abyss.
  4650 | D:4      | Found Jorr's Armour Emporium.
  4658 | D:4      | Found a large runed translucent door.
  4687 | D:4      | Your scales start taking on a glossy black colour.
  4687 | D:4      | Reduced skill Earth Magic to level 1
  4687 | D:4      | Reached XP level 7. HP: 40/57 MP: 7/10
  4687 | D:4      | Gained mutation: You are resistant to electric shocks.
                  | (rElec) [Black Draconian growth]
  4848 | D:4      | Noticed Blork the orc
  4862 | D:4      | Killed Blork the orc
  4931 | D:4      | Reached skill level 6 in Unarmed Combat
  4989 | D:4      | Identified the ring "Raiqeb" {rN+ Will+ Str+2 Int+3 Dex+2}
  5003 | D:4      | Reached ***** piety under Fedhas
  5359 | D:4      | Found a large runed translucent door.
  5362 | D:4      | Found a corrupted altar of Lugonu.
  5488 | D:5      | Entered Level 5 of the Dungeon
  5701 | D:5      | Noticed Sigmund
  5703 | D:5      | Reached XP level 8. HP: 63/63 MP: 12/12
  5713 | D:5      | Killed Sigmund
  5988 | D:5      | Learned a level 5 spell: Blade Hands
  6641 | D:5      | Learned a level 1 spell: Apportation
  6769 | D:5      | Reached skill level 5 in Invocations
  6941 | D:6      | Reached skill level 7 in Unarmed Combat
  7154 | D:6      | Reached skill level 5 in Transmutations
  7154 | D:6      | Reached XP level 9. HP: 70/70 MP: 14/14
  8147 | D:6      | Reached skill level 8 in Unarmed Combat
  8427 | D:7      | Found a broken altar of Ashenzari.
  8626 | D:7      | Identified a scroll of acquirement
  8626 | D:7      | Acquired the ring of Meotuh {*Slow rCorr Str+7 Dex+7}
  8904 | D:7      | Found a staircase to the Ecumenical Temple.
  9095 | D:7      | Found a hide-covered altar of Uskayaw.
  9145 | D:7      | Found a shimmering altar of Xom.
  9205 | Temple   | Entered the Ecumenical Temple
  9827 | D:8      | Noticed a two-headed ogre
  9839 | D:8      | Killed a two-headed ogre
  9840 | D:8      | Reached XP level 10. HP: 27/77 MP: 15/15
 10075 | D:8      | Found a basalt altar of Yredelemnul.
 10121 | D:8      | Found a sparkling altar of Nemelex Xobeh.
 10169 | D:8      | Reached skill level 9 in Unarmed Combat
 10887 | D:8      | Found a burning altar of Makhleb.
 11422 | D:9      | Found a shadowy altar of Dithmenos.
 12214 | D:9      | Found a staircase to the Orcish Mines.
 12438 | D:9      | Noticed a two-headed ogre
 12444 | D:9      | Slain by a two-headed ogre

Illustrated notes

Levels and vault maps discovered:
D:1:      psy_arrival_statuary, layout_basic, hellmonk_ecumenical_altar_run_dry
D:2:      minmay_general_purpose_star, layout_basic, uniq_robin
D:3:      layout_basic, nicolae_qazlal_general_emergency, serial_shops, shop,
          uniq_terence, uniq_ijyb
D:4:      due_chaos_kobolds, layout_rooms, serial_shops,
          nicolae_inconvenience_store, gup_sewer_entry_bubbles, enter_ossuary_4,
          kennysheep_windowed_goal, uniq_blork_the_orc
D:5:      layout_loops_ring, minmay_door_square, uniq_sigmund
D:6:      layout_basic
D:7:      layout_cave_pools, mainiacjoe_overflow_swirl,
          mainiacjoe_overflow_brackets, minmay_temple_entry_waves,
          lemuel_flame_loot_1
D:8:      layout_basic, mainiacjoe_overflow_large_starburst, bloody_makhleb
D:9:      minmay_bubble_buster, layout_basic,
          nicolae_dithmenos_through_a_glass_darkly, elyvilon_altar_3,
          david_orc_2
Temple:   nicolae_temple_figure_eight

Skill      XL: |  1  2  3  4  5  6  7  8  9 10 |
---------------+-------------------------------+-----
Unarmed Combat | 4 5 6 7 8 9 |  9.6
Invocations    | 1 2 3 4 5 7 8 |  8.9
Earth Magic    | 1 1 2 3 |  3.4
Transmutations | 1 2 3 5 7 8 |  8.1
Spellcasting   | 1 2 3 |  3.7
Fighting       | |  3.2
Dodging        | |  2.6
Stealth        | |  1.7

Action                   |  1- 3 |  4- 6 |  7- 9 | 10-12 || total
-------------------------+-------+-------+-------+-------++-------
Melee: Unarmed           |    83 |   207 |   256 |    99 ||   645
       Tailslap          |     9 |    29 |    54 |    33 ||   125
       Punch             |     1 |     2 |    11 |     5 ||    19
Throw: Dart              |     5 |       |    82 |    23 ||   110
       Throwing net      |       |       |     1 |       ||     1
 Cast: Passwall          |       |     3 |       |       ||     3
Invok: Grow Ballistomyce |       |     1 |     1 |       ||     2
 Abil: Breathe Lightning |       |       |     1 |     2 ||     3
  Use: Scroll            |       |     3 |    14 |       ||    17
       Potion            |       |       |     5 |     2 ||     7
 Stab: Sleeping          |     3 |     4 |     6 |     1 ||    14
       Distracted        |       |       |     2 |       ||     2
Armor: Skin              |    26 |    44 |    92 |    35 ||   197
Dodge: Dodged            |    38 |   118 |   187 |    66 ||   409
